 Dungeon Crawl Stone Soup version 0.28.0-1-gb440e238dd (webtiles) character file.

Game seed: 6398653359241862739

10 themarg the Magician (level 2, 0/20 HPs)
             Began as a Gnoll Wanderer on Feb 19, 2022.
             Slain by a jackal (1 damage)
             ... on level 1 of the Dungeon.
             The game lasted 00:01:31 (561 turns).

themarg the Magician (Gnoll Wanderer)                Turns: 561, Time: 00:01:32

Health: 0/20       AC:  3    Str: 12    XL:     2   Next: 20%
Magic:  7/7        EV: 10    Int: 11    God:
Gold:   33         SH:  4    Dex: 10    Spells: 9/10 levels left

rFire   . . .      SeeInvis .   d - +0 dagger
rCold   . . .      Faith    .   c - +0 buckler
rNeg    . . .      Spirit   .   b - +0 leather armour
rPois   .          Reflect  .   (no helmet)
rElec   .          Harm     .   (no cloak)
rCorr   .          Rampage  .   (no gloves)
Will    .....                   (no boots)
Stlth   ++........              (no amulet)
HPRegen 0.06/turn               (no ring)
MPRegen 0.10/turn               (no ring)

@: no status effects
A: fangs 1, strong nose, distributed training
a: no special abilities


You were on level 1 of the Dungeon.
You visited 1 branch of the dungeon, and saw 1 of its levels.

You collected 33 gold pieces.

Inventory:

Hand Weapons
 d - a +0 dagger (weapon)
Armour
 b - a +0 leather armour (worn)
 c - a +0 buckler (worn)
Potions
 a - 2 potions of ambrosia {unknown}


   Skills:
 + Level 0.3 Fighting
 + Level 0.3 Short Blades
 + Level 0.3 Long Blades
 + Level 0.3 Axes
 + Level 0.3 Maces & Flails
 + Level 0.3 Polearms
 + Level 0.3 Staves
 + Level 0.3 Slings
 + Level 0.3 Bows
 + Level 0.3 Crossbows
 + Level 2.4 Throwing
 + Level 2.4 Armour
 + Level 0.3 Dodging
 + Level 2.2 Stealth
 + Level 2.4 Shields
 + Level 0.3 Unarmed Combat
 + Level 4.9 Spellcasting
 + Level 0.2 Conjurations
 + Level 0.2 Hexes
 + Level 0.2 Summonings
 + Level 3.7 Necromancy
 + Level 0.2 Translocations
 + Level 0.2 Transmutations
 + Level 0.2 Fire Magic
 + Level 3.7 Ice Magic
 + Level 0.2 Air Magic
 + Level 0.2 Earth Magic
 + Level 0.2 Poison Magic
 + Level 0.4 Invocations
 + Level 0.3 Evocations


You had 9 spell levels left.
You knew the following spells:

 Your Spells              Type           Power      Damage    Failure   Level
a - Freeze                Ice            40%        1d6       9%          1

Your spell library contained the following spells:

 Spells                   Type           Power      Damage    Failure   Level
 Sublimation of Blood     Necr           10%        N/A       12%         2
 Frozen Ramparts          Ice            20%        1d4       24%         3
 Corpse Rot               Necr/Air       14%        N/A       26%         2
 Hailstorm                Conj/Ice       7%         3d4       86%         4


Dungeon Overview and Level Annotations

Branches:
Dungeon (1/15)

Altars:


Innate Abilities, Weirdness & Mutations

You have very sharp teeth.
Your uncanny sense of smell can sniff out nearby items.
Your experience applies equally to all skills.


Message History

The jackal is lightly wounded.
The jackal bites you. x2
You barely miss the jackal.
The jackal is lightly wounded.
The jackal closely misses you.
You hit the jackal.
The jackal is moderately wounded.
The jackal bites you but does no damage.
The jackal barely misses you.
You hit the jackal.
The jackal is heavily wounded.
The jackal barely misses you.
You hit the jackal. You bite the jackal, but do no damage.
The jackal is severely wounded.
The jackal bites you but does no damage.
You hit the jackal.
The jackal is almost dead.
The jackal bites you.
* * * LOW HITPOINT WARNING * * *
The jackal bites you but does no damage.
You hit the jackal.
You kill the jackal!
The jackal bites you but does no damage.
You barely miss the jackal. The jackal bites you.
* * * LOW HITPOINT WARNING * * *
You hit the jackal.
The jackal is heavily wounded.
You block the jackal's attack.
You hit the jackal but do no damage.
The jackal is heavily wounded.
The jackal bites you but does no damage.
The jackal bites you.
* * * LOW HITPOINT WARNING * * *
You hit the jackal but do no damage.
The jackal is heavily wounded.
The jackal barely misses you.
You barely miss the jackal.
The jackal is heavily wounded.
You block the jackal's attack. The jackal bites you.
You die...

#. #.# #######.##)######≈≈
#.....#.........#≈≈§§§##
#.....#..#.####.#≈§≈≈≈#<
#.....#..#....#.#≈§#§§#.
#....r#...###.#.#§§§§≈#.
#.....##......#.#§§§≈≈≈.
####.....###.#####.##§≈≈≈≈.
........rh@..# #.##§§≈#≈.
################ #.###≈§§§.
..........# #.# ###≈≈§
###################.# #.#######'
#.........##......#.###.#.......
##.###.......######...........##
#.# #..........................
#.# #......#######...........##
#)# ####'### #...........#


You could see a jackal and a rat.

Vanquished Creatures
  A dart slug (D:1)
  A giant cockroach (D:1)
  A jackal (D:1)
  A ball python (D:1)
  2 bats (D:1)
  2 goblins (D:1)
8 creatures vanquished.

Notes
Turn   | Place    | Note
-------+----------+-------------------------------------------
     0 | D:1      | themarg the Gnoll Wanderer began the quest for the Orb.
     0 | D:1      | themarg set off with the following items: a +0 club, a +0
                  | leather armour, a +0 buckler; and the following spell
                  | memorised: Freeze; and the following spells available to
                  | memorise: Sublimation of Blood, Corpse Rot, Frozen
                  | Ramparts, Hailstorm
     0 | D:1      | Reached XP level 1. HP: 13/13 MP: 6/6
   443 | D:1      | Reached XP level 2. HP: 14/19 MP: 7/7
   559 | D:1      | HP: 1/20 [jackal (2)]
   561 | D:1      | Slain by a jackal

Illustrated notes

Levels and vault maps discovered:
D:1:      lightli_molten_gateway, layout_basic, shapermc_ecumenical_altar_venn

Action                   || total
-------------------------++-------
Melee: Dagger            ||    49
       Club              ||     9
       Bite              ||     2
Armor: Leather armour    ||    17
Dodge: Dodged            ||    28
Block: Buckler           ||    10
